TOP OF THE 1ST |
Baffin Island Beavers batting - Pitching for New York Knights : RHP Thatcher Smith
|
Pitching: RHP Thatcher Smith
|
|
Batting: LHB Norberto Muñóz
|
0-0: Ball 1-0: Called Strike 1-1: Ball 2-1: Bunt for hit - play at first, batter OUT! 1-3
|
Batting: SHB Alonso Ferreira
|
0-0: Fly out, F5 (Popup, 56S)
|
Batting: RHB Dave Craig
|
0-0: Ball 1-0: Ball 2-0: Foul Ball, location: 2F 2-1: Foul Ball, location: 2F 2-2: Ball 3-2: Foul Ball, location: 2F 3-2: Fly out, F8 (Flyball, 89M)
|
Top of the 1st over - 0 run(s), 0 hit(s), 0 error(s), 0 left on base; Baffin Island 0 - New York 0 |
BOTTOM OF THE 1ST |
New York Knights batting - Pitching for Baffin Island Beavers : RHP Thierry Garneau
|
Pitching: RHP Thierry Garneau
|
|
Batting: RHB Gabriel Erwin
|
0-0: Called Strike 0-1: Ball 1-1: Called Strike 1-2: SINGLE (Line Drive, 34D)
|
Batting: RHB Pepe Carrasco
|
0-0: Ball Gabriel Erwin steals 2nd base 1-0: Ball 2-0: Foul Ball, location: 2F 2-1: Ball 3-1: SINGLE (Groundball, 6MD) Gabriel Erwin to third Runner from 3rd tries for Home, SAFE, no throw
|
Batting: LHB Warren Potter
|
0-0: Called Strike 0-1: Foul Ball, location: 2F 0-2: Fly out, F7 (Flyball, 7)
|
Batting: SHB Marvin Harris
|
0-0: Called Strike 0-1: Swinging Strike 0-2: DOUBLE (Groundball, 3L) Pepe Carrasco to third
|
Batting: RHB Lonnie Anderson
|
0-0: Ball 1-0: Ball 2-0: Swinging Strike 2-1: Swinging Strike 2-2: Fly out, F8 (Flyball, 78XD) Runner from 3rd tags up, SCORES, no throw
|
Batting: LHB Dan Hamilton
|
0-0: Ball 1-0: Swinging Strike 1-1: Ball 2-1: Ball 3-1: Base on Balls
|
Batting: LHB Nicholas Alston
|
0-0: Foul Ball, location: 2F 0-1: Reached on error, E3 (Groundball, 3) Marvin Harris to third Dan Hamilton to second
|
Batting: RHB Héctor Vázquez
|
0-0: Foul Ball, location: 2F 0-1: DOUBLE (Popup, 34D) Marvin Harris scores Dan Hamilton scores Nicholas Alston to third Runner from 3rd tries for Home, SAFE, no throw
|
Batting: RHB Anastasio García
|
0-0: Ball 1-0: Ground out 5-3 (Groundball, 5)
|
Bottom of the 1st over - 5 run(s), 4 hit(s), 1 error(s), 1 left on base; Baffin Island 0 - New York 5 |
TOP OF THE 2ND |
Baffin Island Beavers batting - Pitching for New York Knights : RHP Thatcher Smith
|
Batting: RHB Tony Morton
|
0-0: Called Strike 0-1: Ball 1-1: Fly out, F8 (Flyball, 8LS)
|
Batting: LHB Robert Phillips
|
0-0: Ball 1-0: Ball 2-0: Called Strike 2-1: Foul Ball, location: 2F 2-2: Ball 3-2: Foul Ball, location: 2F 3-2: Foul Ball, location: 2F 3-2: Foul Ball, location: 2F 3-2: DOUBLE (Groundball, 5L)
|
Batting: SHB Ron Edwards
|
0-0: Fly out, F7 (Flyball, 78XD) Runner from 2nd tags up, SAFE at 3rd, no throw
|
Batting: LHB José Rodríguez
|
0-0: Ball 1-0: Called Strike 1-1: Ball 2-1: Foul Ball, location: 2F 2-2: Foul Ball, location: 2F 2-2: Ball 3-2: Strikes out swinging
|
Top of the 2nd over - 0 run(s), 1 hit(s), 0 error(s), 1 left on base; Baffin Island 0 - New York 5 |
BOTTOM OF THE 2ND |
New York Knights batting - Pitching for Baffin Island Beavers : RHP Thierry Garneau
|
Batting: RHB Gabriel Erwin
|
0-0: Ball 1-0: Reached via error on a dropped throw, E3
|
Batting: RHB Pepe Carrasco
|
0-0: Fly out, F9 (Flyball, 9D)
|
Batting: LHB Warren Potter
|
0-0: Called Strike Gabriel Erwin steals 2nd base 0-1: Ball 1-1: Ball 2-1: Ground out 4-3 (Groundball, 34) Gabriel Erwin to third
|
Batting: SHB Marvin Harris
|
0-0: Foul Ball, location: 2F 0-1: Called Strike 0-2: Foul Ball, location: 2F 0-2: Ball 1-2: Ball 2-2: Ball 3-2: DOUBLE (Line Drive, 9LM) Gabriel Erwin scores
|
Batting: RHB Lonnie Anderson
|
0-0: Swinging Strike 0-1: Ball 1-1: Foul Ball, location: 2F 1-2: Ball 2-2: Ball 3-2: Base on Balls
|
Batting: LHB Dan Hamilton
|
0-0: SINGLE (Groundball, 4MD) Marvin Harris to third Lonnie Anderson to second Runner from 3rd tries for Home, SAFE, no throw
|
Pitching: RHP Carl Jones
|
|
Batting: LHB Nicholas Alston
|
0-0: Ball 1-0: Foul Ball, location: 2F 1-1: Swinging Strike 1-2: Ball 2-2: Foul Ball, location: 2F 2-2: Foul Ball, location: 2F 2-2: Strikes out looking
|
Bottom of the 2nd over - 2 run(s), 2 hit(s), 1 error(s), 2 left on base; Baffin Island 0 - New York 7 |
TOP OF THE 3RD |
Baffin Island Beavers batting - Pitching for New York Knights : RHP Thatcher Smith
|
Batting: LHB Mike MacFadden
|
0-0: Ball 1-0: Foul Ball, location: 2F 1-1: SINGLE (Groundball, 3D)
|
Batting: LHB Howard Evans
|
0-0: Swinging Strike 0-1: Ball 1-1: Swinging Strike 1-2: Fly out, F9 (Line Drive, 89D)
|
Batting: LHB Norberto Muñóz
|
0-0: Foul Ball, location: 2F Balk! Mike MacFadden to second 0-1: Ball Wild Pitch! Mike MacFadden to third 1-1: Ball 2-1: Ball 3-1: Ground out 3-1 (Groundball, 34S) Mike MacFadden scores
|
Batting: SHB Alonso Ferreira
|
0-0: Called Strike 0-1: Ball 1-1: Ball 2-1: Ball 3-1: Base on Balls
|
Batting: RHB Dave Craig
|
0-0: Ball 1-0: Foul Ball, location: 2F 1-1: Foul Ball, location: 2F 1-2: Foul Ball, location: 2F 1-2: Ground out 1-3 (Groundball, 15S)
|
Top of the 3rd over - 1 run(s), 1 hit(s), 0 error(s), 1 left on base; Baffin Island 1 - New York 7 |
BOTTOM OF THE 3RD |
New York Knights batting - Pitching for Baffin Island Beavers : RHP Carl Jones
|
Batting: RHB Héctor Vázquez
|
0-0: Foul Ball, location: 2F 0-1: Ball 1-1: Called Strike 1-2: Foul Ball, location: 2F 1-2: Strikes out swinging
|
Batting: RHB Anastasio García
|
0-0: Foul Ball, location: 2F 0-1: Ball 1-1: Ball 2-1: Ball 3-1: Base on Balls
|
Batting: RHB Gabriel Erwin
|
0-0: Fielders Choice at 2nd, 1-4 (Groundball, 15S)
|
Batting: RHB Pepe Carrasco
|
0-0: Called Strike 0-1: Ball 1-1: Foul Ball, location: 2F 1-2: Fielders Choice at 2nd, 4-6 (Groundball, 4)
|
Bottom of the 3rd over - 0 run(s), 0 hit(s), 0 error(s), 0 left on base; Baffin Island 1 - New York 7 |
TOP OF THE 4TH |
Baffin Island Beavers batting - Pitching for New York Knights : RHP Thatcher Smith
|
Batting: RHB Tony Morton
|
0-0: Called Strike 0-1: Ball 1-1: Swinging Strike 1-2: Foul Ball, location: 2F 1-2: Strikes out swinging
|
Batting: LHB Robert Phillips
|
0-0: Ball 1-0: SINGLE (Line Drive, 56)
|
Batting: SHB Ron Edwards
|
0-0: Ball 1-0: SINGLE (Line Drive, 9LS) Robert Phillips to second
|
Batting: LHB José Rodríguez
|
0-0: Called Strike 0-1: Swinging Strike 0-2: Strikes out looking
|
Batting: LHB Mike MacFadden
|
0-0: Ball 1-0: DOUBLE (Line Drive, 78D) Robert Phillips scores Ron Edwards to third
|
Batting: LHB Howard Evans
|
0-0: Called Strike 0-1: Foul Ball, location: 2F 0-2: Fly out, F3 (Line Drive, 3)
|
Top of the 4th over - 1 run(s), 3 hit(s), 0 error(s), 2 left on base; Baffin Island 2 - New York 7 |
BOTTOM OF THE 4TH |
New York Knights batting - Pitching for Baffin Island Beavers : RHP Carl Jones
|
Batting: LHB Warren Potter
|
0-0: Ball 1-0: Swinging Strike 1-1: Ground out 4-3 (Groundball, 4S)
|
Batting: SHB Marvin Harris
|
0-0: SINGLE (Line Drive, 56D)
|
Batting: RHB Lonnie Anderson
|
0-0: Called Strike 0-1: Foul Ball, location: 2F 0-2: Fly out, F4 (Popup, 3D)
|
Batting: LHB Dan Hamilton
|
0-0: Ball 1-0: Called Strike 1-1: Ball Pickoff Throw to First - Error! E1 Marvin Harris to second 2-1: Ball 3-1: Foul Ball, location: 2F 3-2: Foul Ball, location: 2F 3-2: Foul Ball, location: 2F 3-2: Base on Balls
|
Batting: LHB Nicholas Alston
|
0-0: Ball 1-0: Foul Ball, location: 2F 1-1: Swinging Strike 1-2: Strikes out looking
|
Bottom of the 4th over - 0 run(s), 1 hit(s), 1 error(s), 2 left on base; Baffin Island 2 - New York 7 |
TOP OF THE 5TH |
Baffin Island Beavers batting - Pitching for New York Knights : RHP Thatcher Smith
|
Pitching: RHP Pedro Cabrera
|
|
Batting: LHB Norberto Muñóz
|
0-0: Fly out, F4 (Popup, 4MD)
|
Batting: SHB Alonso Ferreira
|
0-0: Called Strike 0-1: Foul Ball, location: 2F 0-2: Ball 1-2: Ground out 5-3 (Groundball, 5S)
|
Batting: RHB Dave Craig
|
0-0: Called Strike 0-1: Foul Ball, location: 2F 0-2: Ball 1-2: Foul Ball, location: 2F 1-2: Foul Ball, location: 2F 1-2: Ball 2-2: Foul Ball, location: 2F 2-2: Foul Ball, location: 2F 2-2: Ball 3-2: Ground out 6-3 (Groundball, 6)
|
Top of the 5th over - 0 run(s), 0 hit(s), 0 error(s), 0 left on base; Baffin Island 2 - New York 7 |
BOTTOM OF THE 5TH |
New York Knights batting - Pitching for Baffin Island Beavers : RHP Carl Jones
|
Batting: RHB Héctor Vázquez
|
0-0: Ball 1-0: Foul Ball, location: 2F 1-1: Foul Ball, location: 2F 1-2: Reached on error, E6 (Popup, 5D)
|
Batting: RHB Anastasio García
|
0-0: Called Strike 0-1: Ball 1-1: Ball 2-1: Ball 3-1: SINGLE (Flyball, 8RS) Héctor Vázquez to second
|
Pinch Hitting: LHB Marcos Pérez
|
0-0: Ball 1-0: Foul Ball, location: 2F 1-1: Swinging Strike 1-2: Strikes out looking
|
Pinch Hitting: LHB Arthur Hall
|
0-0: Ball Héctor Vázquez steals 3rd base Anastasio García to second 1-0: Foul Ball, location: 2F 1-1: Ball 2-1: SINGLE (Groundball, 4) (infield hit) Héctor Vázquez scores Anastasio García to third
|
Pinch Hitting: LHB Keith Green
|
0-0: Ball 1-0: SINGLE (Line Drive, 78M) Anastasio García scores Arthur Hall to second
|
Pinch Hitting: RHB Jacob Pope
|
0-0: Ball 1-0: Ball 2-0: Called Strike 2-1: Called Strike 2-2: Foul Ball, location: 2F 2-2: Foul Ball, location: 2F 2-2: Fly out, F9 (Flyball, 9S)
|
Batting: RHB Robert Downing
|
0-0: SINGLE (Groundball, 56D) Arthur Hall to third Keith Green to second Runner from 3rd tries for Home, SAFE, no throw
|
Batting: LHB Dan Hamilton
|
0-0: Ground out 4-3 (Groundball, 4S)
|
Bottom of the 5th over - 3 run(s), 4 hit(s), 1 error(s), 2 left on base; Baffin Island 2 - New York 10 |
TOP OF THE 6TH |
Baffin Island Beavers batting - Pitching for New York Knights : RHP Pedro Cabrera
|
Now at 1B: Keith Green
|
|
Now at SS: Bernardo Rodríguez
|
|
Now in CF: Arthur Hall
|
|
Now in RF: Marcos Pérez
|
|
Batting: RHB Tony Morton
|
0-0: Called Strike 0-1: Fly out, F5 (Popup, 5D)
|
Batting: LHB Robert Phillips
|
0-0: Called Strike 0-1: Ball 1-1: Ball 2-1: SINGLE (Groundball, 4MD)
|
Batting: SHB Ron Edwards
|
0-0: Called Strike 0-1: Swinging Strike 0-2: Foul Ball, location: 2F 0-2: Foul Ball, location: 2F 0-2: Strikes out looking
|
Batting: LHB José Rodríguez
|
0-0: Ground out 4-3 (Groundball, 4S)
|
Top of the 6th over - 0 run(s), 1 hit(s), 0 error(s), 1 left on base; Baffin Island 2 - New York 10 |
BOTTOM OF THE 6TH |
New York Knights batting - Pitching for Baffin Island Beavers : RHP Carl Jones
|
Pinch Hitting: LHB Pedro Rodríguez
|
0-0: Ball 1-0: Called Strike 1-1: Ball 2-1: SOLO HOME RUN (Line Drive, 9D), Distance : 396 ft
|
Pitching: LHP William Evans
|
|
Batting: RHB Héctor Vázquez
|
0-0: Called Strike 0-1: Ground out 6-3 (Groundball, 6)
|
Batting: RHB Anastasio García
|
0-0: Called Strike 0-1: SINGLE (Flyball, 4D)
|
Batting: LHB Marcos Pérez
|
0-0: Ball 1-0: Swinging Strike 1-1: Ball 2-1: SINGLE (Groundball, 34D) Anastasio García to second Throwing error, E9 Anastasio García scores Marcos Pérez to second
|
Batting: LHB Arthur Hall
|
0-0: SINGLE (Groundball, 5D) Marcos Pérez to third Runner from 3rd tries for Home, SAFE, throw made home Arthur Hall to second
|
Batting: LHB Keith Green
|
0-0: Ball 1-0: Foul Ball, location: 2F 1-1: Swinging Strike 1-2: Ball 2-2: Strikes out looking
|
Batting: LHB Bernardo Rodríguez
|
0-0: Foul Ball, location: 2F 0-1: Foul Ball, location: 2F 0-2: Ground out 6-3 (Groundball, 6)
|
Bottom of the 6th over - 3 run(s), 4 hit(s), 1 error(s), 1 left on base; Baffin Island 2 - New York 13 |
TOP OF THE 7TH |
Baffin Island Beavers batting - Pitching for New York Knights : RHP Pedro Cabrera
|
Now in LF: Pedro Rodríguez
|
|
Batting: LHB Mike MacFadden
|
0-0: Called Strike 0-1: Ball 1-1: Ball 2-1: SINGLE (Groundball, 34D)
|
Batting: LHB Howard Evans
|
0-0: Ball 1-0: Foul Ball, location: 2F 1-1: Foul Ball, location: 2F 1-2: Ball 2-2: SINGLE (Line Drive, 89M) Mike MacFadden to second
|
Pinch Hitting: RHB José Aguilera
|
0-0: Ball 1-0: Ball Wild Pitch! Mike MacFadden to third Howard Evans to second 2-0: Called Strike 2-1: Foul Ball, location: 2F 2-2: Strikes out swinging
|
Pinch Hitting: LHB Keng-chi Lao
|
0-0: Called Strike 0-1: SINGLE (Line Drive, 34D) Mike MacFadden scores Howard Evans to third
|
Pinch Hitting: RHB Jeremy Flemming
|
0-0: Ball 1-0: Ball 2-0: Ball 3-0: Base on Balls Keng-chi Lao to second
|
Pinch Hitting: RHB Kelly Graham
|
0-0: Fly out, F9 (Line Drive, 89D) Runner from 3rd tags up, SCORES, no throw Keng-chi Lao to third
|
Batting: LHB Javier Orozco
|
0-0: Called Strike 0-1: Ball 1-1: Swinging Strike 1-2: Foul Ball, location: 2F 1-2: Foul Ball, location: 2F 1-2: Ball 2-2: Strikes out looking
|
Top of the 7th over - 2 run(s), 3 hit(s), 0 error(s), 2 left on base; Baffin Island 4 - New York 13 |
BOTTOM OF THE 7TH |
New York Knights batting - Pitching for Baffin Island Beavers : LHP William Evans
|
Now at 2B: Kelly Graham
|
|
Now at SS: Keng-chi Lao
|
|
Now in CF: Jeremy Flemming
|
|
Now in RF: José Aguilera
|
|
Batting: RHB Robert Downing
|
0-0: Called Strike 0-1: Ball 1-1: Fly out, F8 (Flyball, 8RM)
|
Batting: LHB Dan Hamilton
|
0-0: Swinging Strike 0-1: Ground out 5-3 (Groundball, 56S)
|
Batting: LHB Pedro Rodríguez
|
0-0: Called Strike 0-1: SOLO HOME RUN (Flyball, 89XD), Distance : 429 ft
|
Batting: RHB Héctor Vázquez
|
0-0: Ball 1-0: Fly out, F9 (Flyball, 89M)
|
Bottom of the 7th over - 1 run(s), 1 hit(s), 0 error(s), 0 left on base; Baffin Island 4 - New York 14 |
TOP OF THE 8TH |
Baffin Island Beavers batting - Pitching for New York Knights : RHP Pedro Cabrera
|
Pitching: LHP Juan Ortíz
|
|
Pinch Hitting: RHB Raúl Soto
|
0-0: Ball 1-0: Ball 2-0: Ball 3-0: Ground out 6-3 (Groundball, 6)
|
Pinch Hitting: RHB Ángelo García
|
0-0: Called Strike 0-1: Swinging Strike 0-2: Fly out, F8 (Flyball, 89S)
|
Batting: LHB Mike MacFadden
|
0-0: Ball 1-0: Fly out, F6 (Popup, 6MS)
|
Top of the 8th over - 0 run(s), 0 hit(s), 0 error(s), 0 left on base; Baffin Island 4 - New York 14 |
BOTTOM OF THE 8TH |
New York Knights batting - Pitching for Baffin Island Beavers : LHP William Evans
|
Now at 1B: Ángelo García
|
|
Now in LF: Raúl Soto
|
|
Batting: RHB Anastasio García
|
0-0: Ball 1-0: SINGLE (Flyball, 8LS)
|
Batting: LHB Marcos Pérez
|
0-0: Foul Ball, location: 2F 0-1: Ball 1-1: Fly out, F9 (Line Drive, 9)
|
Batting: LHB Arthur Hall
|
0-0: Fly out, F7 (Flyball, 7LSF)
|
Batting: LHB Keith Green
|
0-0: Ball 1-0: Called Strike 1-1: Foul Ball, location: 2F 1-2: Foul Ball, location: 2F 1-2: SINGLE (Line Drive, 8LS) Anastasio García to second
|
Batting: LHB Bernardo Rodríguez
|
0-0: Ball 1-0: Ball 2-0: Ball 3-0: Called Strike 3-1: Base on Balls Anastasio García to third Keith Green to second
|
Batting: RHB Robert Downing
|
0-0: Ball 1-0: Ball 2-0: Called Strike 2-1: Foul Ball, location: 2F 2-2: Ball 3-2: Base on Balls Anastasio García scores Keith Green to third Bernardo Rodríguez to second
|
Pitching: RHP Colm Stewart
|
|
Batting: LHB Dan Hamilton
|
0-0: Ball 1-0: SINGLE (Line Drive, 8LM) Keith Green scores Bernardo Rodríguez to third Robert Downing to second Runner from 3rd tries for Home, SAFE, no throw
|
Batting: LHB Pedro Rodríguez
|
0-0: Ball 1-0: Called Strike 1-1: Swinging Strike 1-2: Fly out, F8 (Line Drive, 8RM)
|
Bottom of the 8th over - 3 run(s), 3 hit(s), 0 error(s), 2 left on base; Baffin Island 4 - New York 17 |
TOP OF THE 9TH |
Baffin Island Beavers batting - Pitching for New York Knights : LHP Juan Ortíz
|
Pinch Hitting: RHB Pedro Molina
|
0-0: Ball 1-0: SINGLE (Groundball, 6) (infield hit)
|
Batting: RHB José Aguilera
|
0-0: Foul Ball, location: 2F 0-1: Foul Ball, location: 2F 0-2: Ball 1-2: Ball 2-2: Strikes out swinging
|
Batting: LHB Keng-chi Lao
|
0-0: Ball 1-0: Called Strike 1-1: Swinging Strike 1-2: Foul Ball, location: 2F 1-2: Ball 2-2: Strikes out swinging
|
Batting: RHB Jeremy Flemming
|
0-0: Called Strike 0-1: Swinging Strike 0-2: Ball 1-2: Ball 2-2: Foul Ball, location: 2F 2-2: Strikes out swinging
|
Top of the 9th over - 0 run(s), 1 hit(s), 0 error(s), 1 left on base; Baffin Island 4 - New York 17 |
|